 Dungeon Crawl Stone Soup version 0.28.0-43-g3370ac3207 (webtiles) character file.

Game seed: 16481384441868636917

159 pkoi the Stinger (level 4, -2/33 HPs)
             Began as a Demigod Venom Mage on Mar 31, 2022.
             Succumbed to a scorpion's poison
             ... on level 4 of the Dungeon.
             The game lasted 00:06:18 (3560 turns).

pkoi the Stinger (Demigod Venom Mage)               Turns: 3560, Time: 00:06:19

Health: -2/33      AC:  3    Str:  9    XL:     4   Next: 95%
Magic:  10/10      EV: 12    Int: 21    God:
Gold:   517        SH:  0    Dex: 14    Spells: 1/7 levels left

rFire   + . .      SeeInvis .   b - +8 quarterstaff "Leviticus" {freeze, rF+}
rCold   . . .      Faith    .   (shield currently unavailable)
rNeg    . . .      Spirit   .   a - +1 robe
rPois   .          Reflect  .   (no helmet)
rElec   .          Harm     .   (no cloak)
rCorr   .          Rampage  .   (no gloves)
Will    .....                   (no boots)
Stlth   ++........              (no amulet)
HPRegen 0.11/turn               (no ring)
MPRegen 0.12/turn               (no ring)

@: mighty, brilliant, lethally poisoned (-2 -> -17), flying
A: high MP 1, forlorn, divine attributes
a: no special abilities


You were on level 4 of the Dungeon.
You visited 1 branch of the dungeon, and saw 4 of its levels.

You collected 844 gold pieces.
You spent 327 gold pieces at shops.

Inventory:

Hand Weapons
 b - the +8 quarterstaff "Leviticus" (weapon) {freeze, rF+}
   (You bought it in a shop on level 1 of the Dungeon)

   It freezes those it strikes, dealing additional cold damage.
   It can also slow down cold-blooded creatures.
   rF:        It protects you from fire.
 d - a +1 dagger
Armour
 a - a +1 robe (worn)
Scrolls
 c - 6 scrolls of identify
 i - a scroll of fog
 j - a scroll of amnesia {unknown}
 k - a scroll of fear
 l - a scroll of blinking
 n - a scroll of vulnerability {unknown}
Potions
 h - a potion of invisibility {unknown}
 m - a potion of curing {unknown}


   Skills:
 - Level 1.7 Dodging
 - Level 1.7 Stealth
 - Level 1.9 Unarmed Combat
 + Level 2.2 Spellcasting
 + Level 1.7 Transmutations
 + Level 0.1 Fire Magic
 + Level 1.7 Air Magic
 + Level 3.7 Poison Magic


You had one spell level left.
You knew the following spells:

 Your Spells              Type           Power      Damage    Failure   Level
a - Sting                 Tmut/Pois      80%        1d7       4%          1
b - Poisonous Vapours     Pois/Air       40%        N/A       7%          2
c - Ignite Poison         Fire/Tmut/Pois 15%        N/A       21%         3

Your spell library contained the following spells:

 Spells                   Type           Power      Damage    Failure   Level
 Magic Dart               Conj           12%        1d3       14%         1
 Mephitic Cloud           Conj/Pois/Air  14%        N/A       21%         3
 Call Imp                 Summ           3%         N/A       22%         2
 Olgreb's Toxic Radiance  Pois           27%        N/A       30%         4
 Freezing Cloud           Conj/Ice/Air   3%         6-21      97%         5


Dungeon Overview and Level Annotations

Branches:
Dungeon (4/15)
 Temple: D:4-7

Shops:
D:1 ((*?   D:2 [(=*?

Annotations:
D:3 1 transporter, Rudyous's ghost, amateur MiBe


Innate Abilities, Weirdness & Mutations

You have an increased reservoir of magic. (+10% MP)
You shall have no god before yourself.
Your divine heritage dramatically boosts your attributes as you level up.


Message History

A phantom comes into view.
A phantom is nearby!
Things that are here:
a +0 hand axe; a +0 leather armour; an orc corpse
m - a silvery potion You now have 517 gold pieces (gained 12).
Things that are here:
a +0 club; a +0 scale mail; a +0 short sword A scorpion comes into view.
A scorpion is nearby!
You see here a scroll labelled FEZXOI LUEMECIO.
n - a scroll labelled FEZXOI LUEMECIO The scorpion stings you.
You are poisoned.
The scorpion poisons you!
You hit the scorpion but do no damage.
You feel very sick. The scorpion stings you.
* * * LOW HITPOINT WARNING * * *
The scorpion stings you.
* * * LOW HITPOINT WARNING * * *
You are too injured to fight recklessly!
You are too injured to fight recklessly!
You are too injured to fight recklessly!
You are too injured to fight recklessly!
You are too injured to fight recklessly!
You are too injured to fight recklessly!
Unknown command.
It was a potion of brilliance.
You feel clever all of a sudden.
You feel sick. The scorpion closely misses you.
It was a potion of flight.
You feel very buoyant.
You fly up into the air.
You feel sick. The scorpion stings you!
* * * LOW HITPOINT WARNING * * *
You are more poisoned.
The scorpion poisons you!
It was a potion of might.
You feel very mighty all of a sudden.
You die...

≈≈ #≈≈ .### #W#.
⌠.#≈≈ ...# ....
..#≈≈# #...# #..#
###≈..≈###....##
#..#
...............#
#..# ........s....#
#..# ........@....#
#..# ...?........#
#..# ...#.......##
#..# . #.......#
#..# #.......# #..#
#.......# #.)#
#.......#
#.)########.......#
#..##.............#


You could see a scorpion.

Vanquished Creatures
  A phantom (D:3)
  4 adders
  3 orcs
  2 bats
  5 endoplasms
  3 giant cockroaches
  4 goblins
  4 hobgoblins
  4 jackals (D:2)
  7 ball pythons
  A frilled lizard (D:3)
  4 kobolds
  5 rats
47 creatures vanquished.

Notes
Turn   | Place    | Note
-------+----------+-------------------------------------------
     0 | D:1      | pkoi the Demigod Venom Mage began the quest for the Orb.
     0 | D:1      | Reached XP level 1. HP: 14/14 MP: 5/5
     3 | D:1      | Found Taej's Assorted Antiques.
    14 | D:1      | Found Afeirer's Antique Weapon Shop.
   215 | D:1      | Found Lojith's Weapon Shoppe.
   351 | D:1      | Reached skill level 3 in Poison Magic
   664 | D:1      | Found Ysau's Magic Scroll Emporium.
   679 | D:1      | Identified a scroll of acquirement
   679 | D:1      | Acquired 705 gold pieces
   727 | D:1      | Bought a masterwork quarterstaff for 207 gold pieces
   727 | D:1      | Identified the +8 quarterstaff "Leviticus" {freeze, rF+}
                  | (You bought it in a shop on level 1 of the Dungeon)
   837 | D:1      | Reached XP level 2. HP: 20/20 MP: 7/7
  1028 | D:2      | Learned a level 2 spell: Poisonous Vapours
  1287 | D:2      | Found Akoali's Magic Scroll Shop.
  1302 | D:2      | Reached skill level 1 in Unarmed Combat
  1428 | D:2      | Bought a scroll of fear for 38 gold pieces
  1428 | D:2      | Bought a scroll of blinking for 82 gold pieces
  1529 | D:2      | Found Mejiafev's General Store.
  1609 | D:2      | Found Siujeivi's Weapon Boutique.
  1806 | D:2      | Found Adoopos's Jewellery Shop.
  1825 | D:2      | Found Buudghio's Armour Boutique.
  1975 | D:2      | Reached skill level 1 in Transmutations
  1975 | D:2      | Reached XP level 3. HP: 24/26 MP: 8/8
  2106 | D:3      | Noticed Rudyous's ghost (amateur MiBe)
  2108 | D:3      | Found a transporter.
  2113 | D:3      | Reached skill level 1 in Air Magic
  2357 | D:3      | Noticed a phantom
  2369 | D:3      | Killed a phantom
  2370 | D:3      | Reached XP level 4. HP: 10/33 MP: 9/9
  3332 | D:4      | Learned a level 3 spell: Ignite Poison
  3531 | D:4      | Noticed a phantom
  3560 | D:4      | Succumbed to a scorpion's poison

Illustrated notes

Levels and vault maps discovered:
D:1:      dpeg_arrival_water_altar, layout_basic, serial_shops,
          nicolae_square_shop, nicolae_diamond_shop, nicolae_shop_crystal,
          nicolae_shop_statue_plus
D:2:      layout_loops_corners, serial_shops, nicolae_shop_trees, shop_statue,
          shop, shop, nicolae_shop_waterfront
D:3:      layout_basic, gammafunk_ghost_mausoleum,
          nicolae_ecumenical_snake_handling
D:4:      layout_basic, fountainhead, chequers_serial_rivers_micro_b

Skill      XL: |  1  2  3 |
---------------+----------+-----
Poison Magic   | 3 |  3.7
Unarmed Combat | 1 |  1.9
Transmutations | 1 |  1.7
Air Magic      | 1 |  1.7
Spellcasting   | 2 |  2.2
Dodging        | |  1.7
Stealth        | |  1.7
Fire Magic     | |  0.1

Action                   |  1- 3 |  4- 6 || total
-------------------------+-------+-------++-------
Melee: Dagger            |     5 |       ||     5
       Quarterstaff      |    41 |    37 ||    78
       Unarmed           |     4 |       ||     4
 Cast: Sting             |    21 |       ||    21
  Use: Scroll            |     7 |       ||     7
       Potion            |       |     3 ||     3
 Stab: Sleeping          |     1 |     1 ||     2
       Distracted        |     1 |       ||     1
Armor: Robe              |    15 |     6 ||    21
Dodge: Dodged            |    25 |    29 ||    54
